Philadelphia Flyers vs Washington Capitals
Created - Saturday, June 10, 2023 at 05:49
Goals
|
| Philadelphia Flyers |
3 |
1 |
1 |
0 |
0 |
5 |
| Washington Capitals |
3 |
1 |
1 |
0 |
1 |
6 |
|
Shots
|
| Philadelphia Flyers |
16 |
9 |
10 |
1 |
3 |
36 |
| Washington Capitals |
10 |
5 |
14 |
2 |
2 |
31 |
|
1st period
1. Washington Capitals , Jason Robertson 28 (Erik Cernak 22, Brad Marchand 40) at 4:18 (PP)
2. Washington Capitals , Patrick Kane 35 (Brayden Point 50, Alex Ovechkin 31) at 4:34
3. Philadelphia Flyers , Evan Rodrigues 17 (Justin Faulk 27) at 7:16
4. Philadelphia Flyers , Alexander Barabanov 8 (Elias Lindholm 51) at 9:57
5. Philadelphia Flyers , Alexander Barabanov 9 (Elias Lindholm 52) at 15:48
6. Washington Capitals , Patrick Kane 36 (Brayden Point 51, Alex Ovechkin 32) at 16:06
Penalties :
Alexander Edler (PHI) for Tripping (Minor) at 3:40
2nd period
7. Washington Capitals , Alex Ovechkin 28 (Brayden Point 52) at 0:06
8. Philadelphia Flyers , Marcus Johansson 18 (Justin Faulk 28, Evgenii Dadonov 19) at 4:06
Penalties :
Elias Lindholm (PHI) for Cross-checking (Minor) at 16:43
3rd period
9. Washington Capitals , Nico Hischier 22 (Ian Cole 11, Brad Marchand 41) at 12:29
10. Philadelphia Flyers , Tomas Tatar 9 (Artem Zub 9, Tyler Johnson 4) at 16:38
Penalties :
Ben Chiarot (PHI) for Hooking (Minor) at 13:53
Overtime #1
No Goal
Penalties :
No Penalty
Shootout
Philadelphia Flyers, Tyler Bertuzzi - Stopped by Jake Oettinger
Washington Capitals, Brayden Point - Goal!
Philadelphia Flyers, Elias Lindholm - Stopped by Jake Oettinger
Washington Capitals, Alex Ovechkin - Shot Misses the Net
Philadelphia Flyers, Matt Boldy - Stopped by Jake Oettinger
Penalties :
No Penalty
Goalie Stats
Thomas Greiss (PHI), 26 saves from 31 shots - (0.839), OTL, 7-4-1, 65:00 minutes
Jake Oettinger (WSH), 31 saves from 36 shots - (0.861), W, 37-20-2, 65:00 minutes
Players Stats for Philadelphia Flyers
Player Name G A P +/- PIM S H SB GA TA FO MP PP MP PK MP
------------------------------------------------------------------------------------
Alexander Barabanov 2 0 2 0 0 2 0 0 0 0 0/1 18:15 0:00 1:07
Alexander Edler 0 0 0 1 2 2 2 0 0 0 0/0 11:59 0:00 0:47
Artem Zub 0 1 1 1 0 1 1 0 0 0 0/0 11:41 0:00 0:20
Ben Chiarot 0 0 0 0 2 1 4 0 1 2 0/0 26:07 0:00 1:38
Carter Verhaeghe 0 0 0 0 0 0 0 0 0 1 0/1 18:05 0:00 2:31
Elias Lindholm 0 2 2 0 2 4 6 0 1 1 6/14 19:39 0:00 0:52
Evan Rodrigues 1 0 1 0 0 4 1 0 3 0 4/18 16:46 0:00 0:00
Evgenii Dadonov 0 1 1 0 0 4 1 0 0 3 0/1 14:40 0:00 0:00
Justin Faulk 0 2 2 0 0 1 3 1 0 1 0/0 27:15 0:00 2:45
Marcus Johansson 1 0 1 0 0 5 0 0 1 1 0/1 15:17 0:00 0:17
Matt Boldy 0 0 0 0 0 4 0 1 0 0 0/0 17:01 0:00 0:10
Matt Roy 0 0 0 0 0 0 2 0 0 2 0/0 26:32 0:00 1:51
Oliver Ekman-Larsson 0 0 0 0 0 2 1 3 1 1 0/0 26:32 0:00 1:51
Riley Sheahan 0 0 0 0 0 0 0 0 0 0 8/23 17:09 0:00 2:30
T.J. Tynan 0 0 0 1 0 1 1 0 0 0 1/2 9:18 0:00 0:00
Tomas Tatar 1 0 1 1 0 1 0 0 0 0 1/1 9:18 0:00 0:00
Tyler Bertuzzi 0 0 0 0 0 3 1 1 0 0 0/1 20:29 0:00 1:45
Tyler Johnson 0 1 1 1 0 1 0 0 0 0 0/0 9:18 0:00 0:00
Players Stats for Washington Capitals
Player Name G A P +/- PIM S H SB GA TA FO MP PP MP PK MP
------------------------------------------------------------------------------------
Alex Ovechkin 1 2 3 2 0 1 1 1 3 1 0/0 23:29 2:34 0:00
Barrett Hayton 0 0 0 -1 0 2 0 0 1 0 2/3 13:47 2:02 0:00
Brad Marchand 0 2 2 -1 0 6 0 0 1 0 2/2 16:55 2:02 0:00
Brayden Point 0 3 3 2 0 4 2 0 0 1 24/34 23:29 2:34 0:00
Connor Murphy 0 0 0 0 0 0 3 4 0 0 0/0 22:23 1:45 0:00
Drake Batherson 0 0 0 -1 0 0 1 0 0 0 0/0 12:48 0:00 0:00
Erik Cernak 0 1 1 0 0 2 2 1 2 1 0/0 26:48 2:51 0:00
Fabian Zetterlund 0 0 0 -1 0 1 0 0 0 0 0/1 10:18 0:00 0:00
Ian Cole 0 1 1 -1 0 1 4 1 0 0 0/0 15:49 0:00 0:00
Isac Lundestrom 0 0 0 -1 0 0 1 2 0 0 0/0 11:14 0:00 0:00
Jason Robertson 1 0 1 -1 0 2 2 0 0 0 1/2 16:39 2:02 0:00
John Carlson 0 0 0 0 0 1 1 1 1 1 0/0 26:48 2:51 0:00
Jordan Kyrou 0 0 0 -1 0 0 0 0 1 0 0/2 12:30 0:00 0:00
Nick Jensen 0 0 0 -1 0 1 1 1 0 1 0/0 15:49 0:00 0:00
Nico Hischier 1 0 1 -1 0 1 1 0 1 1 14/17 16:02 0:00 0:00
Nikita Zaitsev 0 0 0 0 0 1 0 2 0 0 0/0 22:23 1:45 0:00
Owen Tippett 0 0 0 -1 0 3 1 0 0 0 0/0 10:18 0:00 0:00
Patrick Kane 2 0 2 2 0 5 1 0 2 1 0/2 22:31 2:34 0:00
3 Stars
1 - Alex Ovechkin (WSH)
2 - Patrick Kane (WSH)
3 - Brayden Point (WSH)
Power Play
Philadelphia Flyers - 0 on 0 Attempt(s) - 0.00%
Washington Capitals - 1 on 3 Attempt(s) - 33.33%
Penalty Kill
Philadelphia Flyers - 2 on 3 Attempt(s) - 66.67%
- Score 0 goal in Penalty Kill
Washington Capitals - 0 on 0 Attempt(s) - 0.00%
- Score 0 goal in Penalty Kill
Team Stat
Philadelphia Flyers - Hits : 23 - Faceoff Wins : 20 - Blocked Shots : 6 - Penalty Minutes : 6
Washington Capitals - Hits : 21 - Faceoff Wins : 43 - Blocked Shots : 13 - Penalty Minutes : 0
Official
Referees : Kelly Sutherland and Gord Dwyer
Linesman : Mark Wheler and Kiel Murchison
Game Notes
No Game Note
Finance
Level 1 -- Attendance: 6000 (100.00%) -- Ticket Income $582,000
Level 2 -- Attendance: 4961 (99.22%) -- Ticket Income $282,777
Level 3 -- Attendance: 2945 (98.17%) -- Ticket Income $100,130
Level 4 -- Attendance: 4777 (95.54%) -- Ticket Income $109,871
Luxury Box -- Attendance: 826 (82.60%) -- Ticket Income $162,722
Game was played at the Verizon Center.
Total Attendance: 19509 (97.55%)
Total Ticket Income: $1,237,500
Other Income: $433,125
Total Income: $1,670,625
Philadelphia Flyers
5 vs 5 Forward
Center Left Wing Right Wing Time % Phy DF OF
1 Elias Lindholm Tyler Bertuzzi Alexander Barabanov 30 1 1 3
2 Evan Rodrigues Matt Boldy Carter Verhaeghe 30 1 3 1
3 Riley Sheahan Marcus Johansson Evgenii Dadonov 30 1 1 3
4 T.J. Tynan Tomas Tatar Tyler Johnson 10 1 1 3
5 vs 5 Defense
Defense Defense Time % Phy DF OF
1 Justin Faulk Ben Chiarot 40 1 3 1
2 Oliver Ekman-Larsson Matt Roy 40 1 3 1
3 Alexander Edler Artem Zub 20 1 3 1
4 Justin Faulk Ben Chiarot 0 1 3 1
PowerPlay Forward
Center Left Wing Right Wing Time % Phy DF OF
1 Elias Lindholm Tyler Bertuzzi Carter Verhaeghe 55 0 0 5
2 Evan Rodrigues Matt Boldy Marcus Johansson 45 0 0 5
PowerPlay Defense
Defense Defense Time % Phy DF OF
1 Justin Faulk Oliver Ekman-Larsson 55 0 1 4
2 Alexander Edler Matt Roy 45 0 1 4
Penalty Kill 4 Players Forward
Center Wing Time % Phy DF OF
1 Riley Sheahan Carter Verhaeghe 55 1 3 1
2 Elias Lindholm Tyler Bertuzzi 45 1 3 1
Penalty Kill 4 Players Defense
Defense Defense Time % Phy DF OF
1 Justin Faulk Ben Chiarot 50 1 4 0
2 Oliver Ekman-Larsson Matt Roy 50 1 4 0
Penalty Kill - 3 Players Forward
Forward Time % Phy DF OF
1 Riley Sheahan 50 0 4 1
2 Elias Lindholm 50 0 4 1
Penalty Kill - 3 Players Defense
Defense Defense Time % Phy DF OF
1 Justin Faulk Ben Chiarot 50 1 4 0
2 Oliver Ekman-Larsson Matt Roy 50 1 4 0
4 vs 4 Forward
Center Wing Time % Phy DF OF
1 Elias Lindholm Tyler Bertuzzi 50 1 1 3
2 Evan Rodrigues Matt Boldy 50 1 1 3
4 vs 4 Defense
Defense Defense Time % Phy DF OF
1 Justin Faulk Ben Chiarot 50 1 2 2
2 Oliver Ekman-Larsson Matt Roy 50 1 2 2
Last Minutes Offensive
Center Left Wing Right Wing Defense Defense
Elias Lindholm Tyler Bertuzzi Matt Boldy Justin Faulk Oliver Ekman-Larsson
Last Minutes Defensive
Center Left Wing Right Wing Defense Defense
Elias Lindholm Riley Sheahan Tyler Bertuzzi Ben Chiarot Matt Roy
Goaltenders
Starting : Thomas Greiss
Backup : Mackenzie Blackwood
Extra Forwards
Normal : Matt Boldy, Alexander Barabanov, Carter Verhaeghe - PP : Matt Boldy, Alexander Barabanov - PK : Alexander Barabanov
Extra Defensemen
Normal : Justin Faulk, Oliver Ekman-Larsson, Alexander Edler - PP : Justin Faulk - PK : Ben Chiarot, Alexander Edler
Penalty Shots
Tyler Bertuzzi, Elias Lindholm, Matt Boldy, Carter Verhaeghe, Evan Rodrigues
Washington Capitals
5 vs 5 Forward
Center Left Wing Right Wing Time % Phy DF OF
1 Brayden Point Alex Ovechkin Patrick Kane 40 1 2 2
2 Nico Hischier Brad Marchand Jason Robertson 30 1 2 2
3 Barrett Hayton Jordan Kyrou Drake Batherson 20 1 2 2
4 Isac Lundestrom Fabian Zetterlund Owen Tippett 10 1 2 2
5 vs 5 Defense
Defense Defense Time % Phy DF OF
1 John Carlson Erik Cernak 40 1 2 2
2 Connor Murphy Nikita Zaitsev 30 1 2 2
3 Ian Cole Nick Jensen 20 1 2 2
4 John Carlson Erik Cernak 10 1 2 2
PowerPlay Forward
Center Left Wing Right Wing Time % Phy DF OF
1 Brayden Point Alex Ovechkin Patrick Kane 60 1 2 2
2 Barrett Hayton Brad Marchand Jason Robertson 40 1 2 2
PowerPlay Defense
Defense Defense Time % Phy DF OF
1 John Carlson Erik Cernak 60 1 2 2
2 Connor Murphy Nikita Zaitsev 40 1 2 2
Penalty Kill 4 Players Forward
Center Wing Time % Phy DF OF
1 Isac Lundestrom Brad Marchand 60 1 2 2
2 Nico Hischier Barrett Hayton 40 1 2 2
Penalty Kill 4 Players Defense
Defense Defense Time % Phy DF OF
1 Erik Cernak Nikita Zaitsev 60 1 2 2
2 Connor Murphy Nick Jensen 40 1 2 2
Penalty Kill - 3 Players Forward
Forward Time % Phy DF OF
1 Isac Lundestrom 60 1 2 2
2 Brad Marchand 40 1 2 2
Penalty Kill - 3 Players Defense
Defense Defense Time % Phy DF OF
1 Erik Cernak Nikita Zaitsev 60 1 2 2
2 Connor Murphy Nick Jensen 40 1 2 2
4 vs 4 Forward
Center Wing Time % Phy DF OF
1 Brayden Point Alex Ovechkin 60 1 2 2
2 Nico Hischier Patrick Kane 40 1 2 2
4 vs 4 Defense
Defense Defense Time % Phy DF OF
1 John Carlson Erik Cernak 60 1 2 2
2 Connor Murphy Nikita Zaitsev 40 1 2 2
Last Minutes Offensive
Center Left Wing Right Wing Defense Defense
Brayden Point Alex Ovechkin Patrick Kane John Carlson Erik Cernak
Last Minutes Defensive
Center Left Wing Right Wing Defense Defense
Isac Lundestrom Barrett Hayton Brad Marchand John Carlson Erik Cernak
Goaltenders
Starting : Jake Oettinger
Backup : Vitek Vanecek
Extra Forwards
Normal : Isac Lundestrom, Drake Batherson, Jordan Kyrou - PP : Isac Lundestrom, Drake Batherson - PK : Jordan Kyrou
Extra Defensemen
Normal : Ian Cole, Erik Cernak, Connor Murphy - PP : Ian Cole - PK : Erik Cernak, Connor Murphy
Penalty Shots
Brayden Point, Alex Ovechkin, Patrick Kane, Brad Marchand, Jason Robertson
% Time on Ice - Philadelphia Flyers
Lines # - Real PCT - Wanted PCT - Time Play
Normal Forward
1 - 30% - 30% - 16:41
2 - 27% - 30% - 14:50
3 - 26% - 30% - 14:35
4 - 17% - 10% - 9:18
Normal Defense
1 - 40% - 40% - 22:08
2 - 40% - 40% - 22:03
3 - 20% - 20% - 11:13
4 - 0% - 0% - 0:00
PP Forward
1 - 0% - 55%
2 - 0% - 45%
PP Defense
1 - 0% - 55%
2 - 0% - 45%
PK Forward
1 - 62% - 55% - 2:51
2 - 38% - 45% - 1:45
PK Defense
1 - 60% - 50% - 2:45
2 - 40% - 50% - 1:51
PK3 Forward
1 - 0% - 50%
2 - 0% - 50%
PK3 Defense
1 - 0% - 50%
2 - 0% - 50%
44 Forward
1 - 47% - 50% - 2:20
2 - 53% - 50% - 2:40
44 Defense
1 - 47% - 50% - 2:22
2 - 53% - 50% - 2:38
Last Minute Offensive - 0:00
Last Minute Defensive - 0:00
Total
Forward - 65:00
Defense - 65:00
|
% Time on Ice - Washington Capitals
Lines # - Real PCT - Wanted PCT - Time Play
Normal Forward
1 - 33% - 40% - 18:32
2 - 27% - 30% - 14:49
3 - 21% - 20% - 11:45
4 - 19% - 10% - 10:18
Normal Defense
1 - 34% - 40% - 18:58
2 - 34% - 30% - 18:50
3 - 27% - 20% - 15:08
4 - 4% - 10% - 2:28
PP Forward
1 - 56% - 60% - 2:34
2 - 44% - 40% - 2:02
PP Defense
1 - 62% - 60% - 2:51
2 - 38% - 40% - 1:45
PK Forward
1 - 0% - 60%
2 - 0% - 40%
PK Defense
1 - 0% - 60%
2 - 0% - 40%
PK3 Forward
1 - 0% - 60%
2 - 0% - 40%
PK3 Defense
1 - 0% - 60%
2 - 0% - 40%
44 Forward
1 - 72% - 60% - 3:35
2 - 28% - 40% - 1:25
44 Defense
1 - 64% - 60% - 3:12
2 - 36% - 40% - 1:48
Last Minute Offensive - 0:00
Last Minute Defensive - 0:00
Total
Forward - 65:00
Defense - 65:00
|
Play-by-Play
1st period
0:01 of 1st period - Brayden Point wins face-off versus Tyler Bertuzzi in neutral zone.
0:26 of 1st period - John Carlson is hit by Ben Chiarot and loses puck.
0:33 of 1st period - Wrist shot by Marcus Johansson.
0:33 of 1st period - Stopped by Jake Oettinger without a rebound.
0:34 of 1st period - Nico Hischier wins face-off versus Evan Rodrigues in Washington Capitals zone.
0:49 of 1st period - Slapshot by Nico Hischier.
0:49 of 1st period - Shot Blocked by Oliver Ekman-Larsson.
0:51 of 1st period - Slapshot by Nikita Zaitsev.
0:51 of 1st period - Stopped by Thomas Greiss with a rebound.
1:48 of 1st period - Slapshot by Elias Lindholm.
1:48 of 1st period - Stopped by Jake Oettinger with a rebound.
1:51 of 1st period - Icing by Nick Jensen.
1:52 of 1st period - Brayden Point wins face-off versus Carter Verhaeghe in Washington Capitals zone.
2:00 of 1st period - Icing by Evan Rodrigues.
2:01 of 1st period - Nico Hischier wins face-off versus Evan Rodrigues in Philadelphia Flyers zone.
2:14 of 1st period - Slapshot by Jason Robertson.
2:14 of 1st period - Shot Misses the Net.
3:10 of 1st period - Snap shot by Carter Verhaeghe.
3:10 of 1st period - Shot Misses the Net.
3:12 of 1st period - Slapshot by Ben Chiarot.
3:12 of 1st period - Stopped by Jake Oettinger without a rebound.
3:13 of 1st period - Riley Sheahan wins face-off versus Jason Robertson in Washington Capitals zone.
3:14 of 1st period - Snap shot by Evgenii Dadonov.
3:14 of 1st period - Shot Misses the Net.
3:17 of 1st period - Icing by Jason Robertson.
3:18 of 1st period - Nico Hischier wins face-off versus Riley Sheahan in Washington Capitals zone.
3:34 of 1st period - Snap shot by Nico Hischier.
3:34 of 1st period - Shot Misses the Net.
3:40 of 1st period - Minor Penalty to Alexander Edler for Tripping.
3:41 of 1st period - Riley Sheahan wins face-off versus Patrick Kane in Philadelphia Flyers zone.
4:16 of 1st period - Snap shot by Brad Marchand.
4:16 of 1st period - Stopped by Thomas Greiss with a rebound.
4:18 of 1st period - Slapshot by Erik Cernak.
4:18 of 1st period - Deflect By Jason Robertson.
4:18 of 1st period - Goal by Jason Robertson - Philadelphia Flyers : 0 - Washington Capitals : 1.
4:19 of 1st period - Brayden Point wins face-off versus Elias Lindholm in neutral zone.
4:34 of 1st period - Snap shot by Patrick Kane.
4:34 of 1st period - Goal by Patrick Kane - Philadelphia Flyers : 0 - Washington Capitals : 2.
4:35 of 1st period - Brayden Point wins face-off versus Elias Lindholm in neutral zone.
5:03 of 1st period - Snap shot by Brad Marchand.
5:03 of 1st period - Stopped by Thomas Greiss with a rebound.
5:41 of 1st period - Jordan Kyrou is hit by Elias Lindholm and loses puck.
6:46 of 1st period - Wrist shot by Marcus Johansson.
6:46 of 1st period - Deflect By Evgenii Dadonov.
6:46 of 1st period - Stopped by Jake Oettinger without a rebound.
6:47 of 1st period - Brad Marchand wins face-off versus Elias Lindholm in Washington Capitals zone.
7:16 of 1st period - Snap shot by Evan Rodrigues.
7:16 of 1st period - Goal by Evan Rodrigues - Philadelphia Flyers : 1 - Washington Capitals : 2.
7:17 of 1st period - Brayden Point wins face-off versus Riley Sheahan in neutral zone.
7:31 of 1st period - Wrist shot by Evgenii Dadonov.
7:31 of 1st period - Stopped by Jake Oettinger with a rebound.
7:33 of 1st period - Slapshot by Alexander Edler.
7:33 of 1st period - Shot Blocked by Nick Jensen.
7:54 of 1st period - Wrist shot by Tyler Bertuzzi.
7:54 of 1st period - Deflect By Elias Lindholm.
7:54 of 1st period - Stopped by Jake Oettinger without a rebound.
7:55 of 1st period - Riley Sheahan wins face-off versus Barrett Hayton in Washington Capitals zone.
8:04 of 1st period - Drake Batherson is hit by Ben Chiarot and loses puck.
8:21 of 1st period - Justin Faulk is hit by Patrick Kane.
8:28 of 1st period - Alexander Barabanov is hit by Erik Cernak and loses puck.
8:33 of 1st period - Snap shot by Brayden Point.
8:33 of 1st period - Shot Misses the Net.
8:45 of 1st period - Slapshot by Matt Boldy.
8:45 of 1st period - Stopped by Jake Oettinger with a rebound.
8:52 of 1st period - Off-side.
8:53 of 1st period - Evan Rodrigues wins face-off versus Brayden Point in neutral zone.
8:58 of 1st period - Wrist shot by Matt Boldy.
8:58 of 1st period - Stopped by Jake Oettinger with a rebound.
9:00 of 1st period - Snap shot by Artem Zub.
9:00 of 1st period - Stopped by Jake Oettinger without a rebound.
9:01 of 1st period - Evan Rodrigues wins face-off versus Brayden Point in Washington Capitals zone.
9:25 of 1st period - Snap shot by Evan Rodrigues.
9:25 of 1st period - Deflect By Matt Boldy.
9:25 of 1st period - Shot Blocked by Alex Ovechkin.
9:25 of 1st period - Puck is out of play.
9:26 of 1st period - Jason Robertson wins face-off versus Riley Sheahan in Washington Capitals zone.
9:57 of 1st period - Slapshot by Alexander Barabanov.
9:57 of 1st period - Goal by Alexander Barabanov - Philadelphia Flyers : 2 - Washington Capitals : 2.
9:58 of 1st period - Brayden Point wins face-off versus T.J. Tynan in neutral zone.
10:05 of 1st period - Matt Roy is hit by Brayden Point and loses puck.
10:41 of 1st period - Wrist shot by T.J. Tynan.
10:41 of 1st period - Shot Blocked by John Carlson.
11:05 of 1st period - Wrist shot by Tyler Bertuzzi.
11:05 of 1st period - Shot Misses the Net.
11:37 of 1st period - Snap shot by Matt Boldy.
11:37 of 1st period - Shot Misses the Net.
11:39 of 1st period - Snap shot by Evan Rodrigues.
11:39 of 1st period - Deflect By Matt Boldy.
11:39 of 1st period - Stopped by Jake Oettinger with a rebound.
11:41 of 1st period - Slapshot by Artem Zub.
11:41 of 1st period - Shot Blocked by Nikita Zaitsev.
11:47 of 1st period - Backhand shot by Matt Boldy.
11:47 of 1st period - Shot Blocked by Connor Murphy.
12:35 of 1st period - Riley Sheahan is hit by Alex Ovechkin and loses puck.
13:48 of 1st period - Snap shot by Tyler Bertuzzi.
13:48 of 1st period - Stopped by Jake Oettinger with a rebound.
13:50 of 1st period - Snap shot by Alexander Edler.
13:50 of 1st period - Stopped by Jake Oettinger with a rebound.
14:26 of 1st period - Snap shot by Jason Robertson.
14:26 of 1st period - Stopped by Thomas Greiss with a rebound.
15:12 of 1st period - Wrist shot by Tyler Bertuzzi.
15:12 of 1st period - Shot Blocked by Isac Lundestrom.
15:14 of 1st period - Wrist shot by Alexander Barabanov.
15:14 of 1st period - Shot Blocked by Erik Cernak.
15:16 of 1st period - Wrist shot by Elias Lindholm.
15:16 of 1st period - Stopped by Jake Oettinger without a rebound.
15:17 of 1st period - Brayden Point wins face-off versus Riley Sheahan in Washington Capitals zone.
15:34 of 1st period - Icing by Nikita Zaitsev.
15:35 of 1st period - Elias Lindholm wins face-off versus Brayden Point in Washington Capitals zone.
15:36 of 1st period - Wrist shot by Tyler Bertuzzi.
15:36 of 1st period - Shot Misses the Net.
15:38 of 1st period - Slapshot by Matt Roy.
15:38 of 1st period - Shot Misses the Net.
15:40 of 1st period - Slapshot by Oliver Ekman-Larsson.
15:40 of 1st period - Deflect By Tyler Bertuzzi.
15:40 of 1st period - Shot Misses the Net.
15:40 of 1st period - Puck is out of play.
15:41 of 1st period - Elias Lindholm wins face-off versus Brayden Point in Washington Capitals zone.
15:44 of 1st period - Snap shot by Tyler Bertuzzi.
15:44 of 1st period - Deflect By Alexander Barabanov.
15:44 of 1st period - Shot Hit the Post.
15:44 of 1st period - Puck is out of play.
15:45 of 1st period - Elias Lindholm wins face-off versus Brayden Point in Washington Capitals zone.
15:48 of 1st period - Wrist shot by Alexander Barabanov.
15:48 of 1st period - Goal by Alexander Barabanov - Philadelphia Flyers : 3 - Washington Capitals : 2.
15:49 of 1st period - Brayden Point wins face-off versus Evan Rodrigues in neutral zone.
16:06 of 1st period - Snap shot by Patrick Kane.
16:06 of 1st period - Goal by Patrick Kane - Philadelphia Flyers : 3 - Washington Capitals : 3.
16:07 of 1st period - Brayden Point wins face-off versus Riley Sheahan in neutral zone.
16:42 of 1st period - Brad Marchand is hit by Elias Lindholm and loses puck.
17:39 of 1st period - Riley Sheahan is hit by Connor Murphy and loses puck.
18:02 of 1st period - Nico Hischier is hit by Alexander Edler and loses puck.
18:07 of 1st period - Wrist shot by Elias Lindholm.
18:07 of 1st period - Shot Misses the Net.
18:27 of 1st period - Barrett Hayton is hit by Matt Roy and loses puck.
19:32 of 1st period - Slapshot by Barrett Hayton.
19:32 of 1st period - Stopped by Thomas Greiss with a rebound.
19:34 of 1st period - Slapshot by Nick Jensen.
19:34 of 1st period - Deflect By Matt Roy.
19:34 of 1st period - Stopped by Thomas Greiss with a rebound.
19:36 of 1st period - Snap shot by Jordan Kyrou.
19:36 of 1st period - Shot Misses the Net.
19:38 of 1st period - Slapshot by Nick Jensen.
19:38 of 1st period - Shot Misses the Net.
19:40 of 1st period - Snap shot by Drake Batherson.
19:40 of 1st period - Shot Blocked by Oliver Ekman-Larsson.
19:42 of 1st period - Slapshot by Barrett Hayton.
19:42 of 1st period - Stopped by Thomas Greiss without a rebound.
19:43 of 1st period - Elias Lindholm wins face-off versus Brayden Point in Philadelphia Flyers zone.
19:49 of 1st period - Icing by Tyler Bertuzzi.
19:50 of 1st period - Brayden Point wins face-off versus Elias Lindholm in Philadelphia Flyers zone.
Goals for this period are 3 for Philadelphia Flyers vs 3 for Washington Capitals.
Shots for this period are 16 for Philadelphia Flyers vs 10 for Washington Capitals.
2nd period
0:01 of 2nd period - Brayden Point wins face-off versus Riley Sheahan in neutral zone.
0:06 of 2nd period - Wrist shot by Alex Ovechkin.
0:06 of 2nd period - Goal by Alex Ovechkin - Philadelphia Flyers : 3 - Washington Capitals : 4.
0:07 of 2nd period - Riley Sheahan wins face-off versus Brayden Point in neutral zone.
0:14 of 2nd period - Wrist shot by Evgenii Dadonov.
0:14 of 2nd period - Stopped by Jake Oettinger without a rebound.
0:15 of 2nd period - Riley Sheahan wins face-off versus Brayden Point in Washington Capitals zone.
0:22 of 2nd period - Wrist shot by Evgenii Dadonov.
0:22 of 2nd period - Stopped by Jake Oettinger without a rebound.
0:23 of 2nd period - Brayden Point wins face-off versus Evan Rodrigues in Washington Capitals zone.
0:23 of 2nd period - Brayden Point is hit by Justin Faulk.
1:37 of 2nd period - Wrist shot by Tomas Tatar.
1:37 of 2nd period - Shot Blocked by Connor Murphy.
1:53 of 2nd period - Artem Zub is hit by Brayden Point and loses puck.
2:20 of 2nd period - Nick Jensen is hit by Elias Lindholm.
2:24 of 2nd period - Wrist shot by Brad Marchand.
2:24 of 2nd period - Stopped by Thomas Greiss with a rebound.
2:43 of 2nd period - Snap shot by Barrett Hayton.
2:43 of 2nd period - Shot Misses the Net.
2:45 of 2nd period - Slapshot by Nikita Zaitsev.
2:45 of 2nd period - Shot Misses the Net.
3:04 of 2nd period - Justin Faulk is hit by John Carlson and loses puck.
3:09 of 2nd period - Backhand shot by Fabian Zetterlund.
3:09 of 2nd period - Shot Blocked by Justin Faulk.
3:21 of 2nd period - Connor Murphy is hit by Elias Lindholm and loses puck.
3:28 of 2nd period - Snap shot by Tyler Bertuzzi.
3:28 of 2nd period - Shot Blocked by Nikita Zaitsev.
3:42 of 2nd period - Snap shot by Marcus Johansson.
3:42 of 2nd period - Shot Blocked by Connor Murphy.
3:44 of 2nd period - Slapshot by Oliver Ekman-Larsson.
3:44 of 2nd period - Stopped by Jake Oettinger without a rebound.
3:45 of 2nd period - Riley Sheahan wins face-off versus Nico Hischier in Washington Capitals zone.
3:48 of 2nd period - Slapshot by Marcus Johansson.
3:48 of 2nd period - Deflect By Evgenii Dadonov.
3:48 of 2nd period - Shot Blocked by Ian Cole.
3:48 of 2nd period - Puck is out of play.
3:49 of 2nd period - Nico Hischier wins face-off versus Riley Sheahan in Washington Capitals zone.
3:49 of 2nd period - Nico Hischier is hit by Evgenii Dadonov.
4:04 of 2nd period - Slapshot by Justin Faulk.
4:04 of 2nd period - Stopped by Jake Oettinger with a rebound.
4:06 of 2nd period - Snap shot by Marcus Johansson.
4:06 of 2nd period - Goal by Marcus Johansson - Philadelphia Flyers : 4 - Washington Capitals : 4.
4:07 of 2nd period - Evan Rodrigues wins face-off versus Brayden Point in neutral zone.
4:32 of 2nd period - Justin Faulk is hit by Jason Robertson and loses puck.
5:26 of 2nd period - Riley Sheahan is hit by Isac Lundestrom and loses puck.
5:44 of 2nd period - Snap shot by Evan Rodrigues.
5:44 of 2nd period - Stopped by Jake Oettinger without a rebound.
5:45 of 2nd period - Brayden Point wins face-off versus Evan Rodrigues in Washington Capitals zone.
5:45 of 2nd period - Brayden Point is hit by Ben Chiarot.
6:07 of 2nd period - Erik Cernak is hit by Evan Rodrigues and loses puck.
6:14 of 2nd period - Snap shot by Evan Rodrigues.
6:14 of 2nd period - Stopped by Jake Oettinger with a rebound.
8:16 of 2nd period - Slapshot by Matt Boldy.
8:16 of 2nd period - Deflect By Brayden Point.
8:16 of 2nd period - Stopped by Jake Oettinger without a rebound.
8:17 of 2nd period - Nico Hischier wins face-off versus Alexander Barabanov in Washington Capitals zone.
8:26 of 2nd period - Backhand shot by Jason Robertson.
8:26 of 2nd period - Shot Blocked by Oliver Ekman-Larsson.
8:44 of 2nd period - Oliver Ekman-Larsson is hit by Drake Batherson and loses puck.
9:23 of 2nd period - Elias Lindholm is hit by Nick Jensen and loses puck.
9:48 of 2nd period - Snap shot by T.J. Tynan.
9:48 of 2nd period - Deflect By Tomas Tatar.
9:48 of 2nd period - Shot Blocked by Isac Lundestrom.
9:48 of 2nd period - Puck is out of play.
9:49 of 2nd period - Tomas Tatar wins face-off versus Fabian Zetterlund in Washington Capitals zone.
10:02 of 2nd period - Snap shot by Owen Tippett.
10:02 of 2nd period - Stopped by Thomas Greiss with a rebound.
10:04 of 2nd period - Wrist shot by Nikita Zaitsev.
10:04 of 2nd period - Shot Misses the Net.
10:37 of 2nd period - Wrist shot by Barrett Hayton.
10:37 of 2nd period - Shot Misses the Net.
11:25 of 2nd period - Oliver Ekman-Larsson is hit by Ian Cole.
11:35 of 2nd period - John Carlson is hit by Matt Roy.
11:58 of 2nd period - Riley Sheahan is hit by Ian Cole and loses puck.
12:09 of 2nd period - Evgenii Dadonov is hit by Owen Tippett and loses puck.
12:34 of 2nd period - John Carlson is hit by Artem Zub and loses puck.
14:02 of 2nd period - Tyler Bertuzzi is hit by Connor Murphy and loses puck.
14:07 of 2nd period - Snap shot by Patrick Kane.
14:07 of 2nd period - Stopped by Thomas Greiss without a rebound.
14:08 of 2nd period - Nico Hischier wins face-off versus Riley Sheahan in Philadelphia Flyers zone.
14:13 of 2nd period - Backhand shot by Brad Marchand.
14:13 of 2nd period - Stopped by Thomas Greiss with a rebound.
15:11 of 2nd period - Wrist shot by Nico Hischier.
15:11 of 2nd period - Shot Blocked by Tyler Bertuzzi.
15:30 of 2nd period - Ian Cole is hit by Tyler Bertuzzi and loses puck.
16:43 of 2nd period - Minor Penalty to Elias Lindholm for Cross-checking.
16:44 of 2nd period - Brayden Point wins face-off versus Riley Sheahan in Philadelphia Flyers zone.
17:52 of 2nd period - Snap shot by Justin Faulk.
17:52 of 2nd period - Deflect By Marcus Johansson.
17:52 of 2nd period - Stopped by Jake Oettinger without a rebound.
17:53 of 2nd period - Barrett Hayton wins face-off versus Marcus Johansson in Washington Capitals zone.
18:14 of 2nd period - Oliver Ekman-Larsson is hit by Erik Cernak and loses puck.
18:43 of 2nd period - Penalty to Elias Lindholm is over, Elias Lindholm is back on ice.
19:55 of 2nd period - Icing by Carter Verhaeghe.
19:56 of 2nd period - Nico Hischier wins face-off versus Evan Rodrigues in Philadelphia Flyers zone.
Goals for this period are 1 for Philadelphia Flyers vs 1 for Washington Capitals.
Shots for this period are 9 for Philadelphia Flyers vs 5 for Washington Capitals.
3rd period
0:01 of 3rd period - Brayden Point wins face-off versus Evgenii Dadonov in neutral zone.
0:26 of 3rd period - Tyler Bertuzzi is hit by Jason Robertson and loses puck.
0:46 of 3rd period - Icing by Connor Murphy.
0:47 of 3rd period - Nico Hischier wins face-off versus Evan Rodrigues in Washington Capitals zone.
0:58 of 3rd period - Snap shot by Patrick Kane.
0:58 of 3rd period - Shot Misses the Net.
1:14 of 3rd period - Jordan Kyrou is hit by Justin Faulk and loses puck.
1:23 of 3rd period - Wrist shot by Marcus Johansson.
1:23 of 3rd period - Shot Misses the Net.
1:25 of 3rd period - Wrist shot by Riley Sheahan.
1:25 of 3rd period - Shot Misses the Net.
1:39 of 3rd period - Slapshot by Brad Marchand.
1:39 of 3rd period - Stopped by Thomas Greiss with a rebound.
1:41 of 3rd period - Snap shot by Erik Cernak.
1:41 of 3rd period - Stopped by Thomas Greiss without a rebound.
1:42 of 3rd period - Nico Hischier wins face-off versus Elias Lindholm in Philadelphia Flyers zone.
1:43 of 3rd period - Snap shot by Brad Marchand.
1:43 of 3rd period - Shot Hit the Post.
1:45 of 3rd period - Slapshot by Brad Marchand.
1:45 of 3rd period - Stopped by Thomas Greiss without a rebound.
1:46 of 3rd period - Brayden Point wins face-off versus Elias Lindholm in Philadelphia Flyers zone.
2:22 of 3rd period - Wrist shot by Evgenii Dadonov.
2:22 of 3rd period - Shot Misses the Net.
3:12 of 3rd period - Justin Faulk is hit by Connor Murphy and loses puck.
3:19 of 3rd period - Slapshot by Owen Tippett.
3:19 of 3rd period - Stopped by Thomas Greiss with a rebound.
3:25 of 3rd period - Wrist shot by Fabian Zetterlund.
3:25 of 3rd period - Stopped by Thomas Greiss with a rebound.
3:59 of 3rd period - Wrist shot by Elias Lindholm.
3:59 of 3rd period - Stopped by Jake Oettinger with a rebound.
4:54 of 3rd period - Slapshot by Nikita Zaitsev.
4:54 of 3rd period - Shot Misses the Net.
6:14 of 3rd period - Slapshot by Owen Tippett.
6:14 of 3rd period - Stopped by Thomas Greiss without a rebound.
6:15 of 3rd period - Brayden Point wins face-off versus Riley Sheahan in Philadelphia Flyers zone.
6:24 of 3rd period - Snap shot by Patrick Kane.
6:24 of 3rd period - Stopped by Thomas Greiss with a rebound.
6:26 of 3rd period - Slapshot by Erik Cernak.
6:26 of 3rd period - Shot Misses the Net.
6:28 of 3rd period - Snap shot by Brayden Point.
6:28 of 3rd period - Shot Misses the Net.
6:55 of 3rd period - Icing by Nick Jensen.
6:56 of 3rd period - Brad Marchand wins face-off versus Riley Sheahan in Washington Capitals zone.
7:06 of 3rd period - Slapshot by Marcus Johansson.
7:06 of 3rd period - Stopped by Jake Oettinger without a rebound.
7:07 of 3rd period - Brayden Point wins face-off versus Riley Sheahan in Washington Capitals zone.
7:16 of 3rd period - Slapshot by Brayden Point.
7:16 of 3rd period - Stopped by Thomas Greiss without a rebound.
7:17 of 3rd period - Riley Sheahan wins face-off versus Patrick Kane in Philadelphia Flyers zone.
8:31 of 3rd period - Snap shot by Marcus Johansson.
8:31 of 3rd period - Shot Misses the Net.
8:59 of 3rd period - Slapshot by Oliver Ekman-Larsson.
8:59 of 3rd period - Stopped by Jake Oettinger without a rebound.
9:00 of 3rd period - Nico Hischier wins face-off versus Evan Rodrigues in Washington Capitals zone.
9:00 of 3rd period - Nico Hischier is hit by Alexander Edler.
9:30 of 3rd period - Slapshot by Alexander Edler.
9:30 of 3rd period - Shot Misses the Net.
9:32 of 3rd period - Snap shot by Tyler Johnson.
9:32 of 3rd period - Shot Misses the Net.
9:34 of 3rd period - Slapshot by Alexander Edler.
9:34 of 3rd period - Stopped by Jake Oettinger without a rebound.
9:35 of 3rd period - Nico Hischier wins face-off versus Evan Rodrigues in Washington Capitals zone.
10:00 of 3rd period - Ian Cole is hit by Ben Chiarot and loses puck.
11:00 of 3rd period - Snap shot by Tyler Bertuzzi.
11:00 of 3rd period - Stopped by Jake Oettinger without a rebound.
11:01 of 3rd period - Elias Lindholm wins face-off versus Nico Hischier in Washington Capitals zone.
11:32 of 3rd period - Wrist shot by Evan Rodrigues.
11:32 of 3rd period - Stopped by Jake Oettinger without a rebound.
11:33 of 3rd period - Barrett Hayton wins face-off versus Evan Rodrigues in Washington Capitals zone.
11:42 of 3rd period - Slapshot by Barrett Hayton.
11:42 of 3rd period - Shot Misses the Net.
12:00 of 3rd period - Brayden Point is hit by Oliver Ekman-Larsson and loses puck.
12:07 of 3rd period - Snap shot by Erik Cernak.
12:07 of 3rd period - Stopped by Thomas Greiss with a rebound.
12:09 of 3rd period - Snap shot by Brayden Point.
12:09 of 3rd period - Stopped by Thomas Greiss with a rebound.
12:23 of 3rd period - Slapshot by Brad Marchand.
12:23 of 3rd period - Shot Misses the Net.
12:25 of 3rd period - Wrist shot by Brad Marchand.
12:25 of 3rd period - Shot Misses the Net.
12:27 of 3rd period - Snap shot by Ian Cole.
12:27 of 3rd period - Stopped by Thomas Greiss with a rebound.
12:29 of 3rd period - Wrist shot by Nico Hischier.
12:29 of 3rd period - Goal by Nico Hischier - Philadelphia Flyers : 4 - Washington Capitals : 5.
12:30 of 3rd period - Brayden Point wins face-off versus Evan Rodrigues in neutral zone.
12:47 of 3rd period - Off-side.
12:48 of 3rd period - Nico Hischier wins face-off versus Riley Sheahan in neutral zone.
12:53 of 3rd period - Oliver Ekman-Larsson is hit by Nico Hischier and loses puck.
13:02 of 3rd period - Snap shot by Matt Roy.
13:02 of 3rd period - Deflect By Marcus Johansson.
13:02 of 3rd period - Stopped by Jake Oettinger without a rebound.
13:03 of 3rd period - Brayden Point wins face-off versus Evan Rodrigues in Washington Capitals zone.
13:10 of 3rd period - Snap shot by Alex Ovechkin.
13:10 of 3rd period - Shot Blocked by Matt Boldy.
13:12 of 3rd period - Slapshot by Brayden Point.
13:12 of 3rd period - Stopped by Thomas Greiss without a rebound.
13:13 of 3rd period - Evan Rodrigues wins face-off versus Brayden Point in Philadelphia Flyers zone.
13:46 of 3rd period - Off-side.
13:47 of 3rd period - Nico Hischier wins face-off versus Riley Sheahan in neutral zone.
13:53 of 3rd period - Minor Penalty to Ben Chiarot for Hooking.
13:54 of 3rd period - Brayden Point wins face-off versus Riley Sheahan in Philadelphia Flyers zone.
14:20 of 3rd period - Erik Cernak is hit by Elias Lindholm and loses puck.
14:31 of 3rd period - Wrist shot by Barrett Hayton.
14:31 of 3rd period - Shot Misses the Net.
15:53 of 3rd period - Penalty to Ben Chiarot is over, Ben Chiarot is back on ice.
16:04 of 3rd period - Snap shot by Marcus Johansson.
16:04 of 3rd period - Shot Misses the Net.
16:06 of 3rd period - Wrist shot by Matt Roy.
16:06 of 3rd period - Shot Misses the Net.
16:08 of 3rd period - Wrist shot by Tyler Johnson.
16:08 of 3rd period - Shot Blocked by Connor Murphy.
16:10 of 3rd period - Wrist shot by T.J. Tynan.
16:10 of 3rd period - Stopped by Jake Oettinger without a rebound.
16:11 of 3rd period - T.J. Tynan wins face-off versus Nico Hischier in Washington Capitals zone.
16:30 of 3rd period - Nick Jensen is hit by T.J. Tynan.
16:34 of 3rd period - Snap shot by Tyler Johnson.
16:34 of 3rd period - Stopped by Jake Oettinger with a rebound.
16:36 of 3rd period - Slapshot by Artem Zub.
16:36 of 3rd period - Shot Misses the Net.
16:38 of 3rd period - Slapshot by Tomas Tatar.
16:38 of 3rd period - Goal by Tomas Tatar - Philadelphia Flyers : 5 - Washington Capitals : 5.
16:39 of 3rd period - Riley Sheahan wins face-off versus Jordan Kyrou in neutral zone.
16:52 of 3rd period - Backhand shot by John Carlson.
16:52 of 3rd period - Stopped by Thomas Greiss with a rebound.
16:54 of 3rd period - Snap shot by Barrett Hayton.
16:54 of 3rd period - Shot Misses the Net.
17:53 of 3rd period - Marcus Johansson is hit by Ian Cole and loses puck.
18:16 of 3rd period - Slapshot by Elias Lindholm.
18:16 of 3rd period - Shot Hit the Post.
18:42 of 3rd period - Off-side.
18:43 of 3rd period - Nico Hischier wins face-off versus Elias Lindholm in neutral zone.
Goals for this period are 1 for Philadelphia Flyers vs 1 for Washington Capitals.
Shots for this period are 10 for Philadelphia Flyers vs 14 for Washington Capitals.
Overtime #1
0:01 of 1st overtime period - Brayden Point wins face-off versus Elias Lindholm in neutral zone.
0:12 of 1st overtime period - Snap shot by Tyler Bertuzzi.
0:12 of 1st overtime period - Stopped by Jake Oettinger without a rebound.
0:13 of 1st overtime period - Brayden Point wins face-off versus Evan Rodrigues in Washington Capitals zone.
0:38 of 1st overtime period - Brayden Point is hit by Elias Lindholm and loses puck.
0:57 of 1st overtime period - Slapshot by Alex Ovechkin.
0:57 of 1st overtime period - Deflect By Brayden Point.
0:57 of 1st overtime period - Stopped by Thomas Greiss with a rebound.
1:56 of 1st overtime period - Icing by Tyler Bertuzzi.
1:57 of 1st overtime period - Elias Lindholm wins face-off versus Jordan Kyrou in Philadelphia Flyers zone.
2:29 of 1st overtime period - Connor Murphy is hit by Justin Faulk and loses puck.
3:02 of 1st overtime period - Tyler Bertuzzi is hit by Ian Cole and loses puck.
3:25 of 1st overtime period - Wrist shot by Patrick Kane.
3:25 of 1st overtime period - Stopped by Thomas Greiss without a rebound.
3:26 of 1st overtime period - Brayden Point wins face-off versus Evan Rodrigues in Philadelphia Flyers zone.
4:07 of 1st overtime period - Wrist shot by Alexander Barabanov.
4:07 of 1st overtime period - Shot Misses the Net.
Goals for this period are 0 for Philadelphia Flyers vs 0 for Washington Capitals.
Shots for this period are 1 for Philadelphia Flyers vs 2 for Washington Capitals.
ShootOut
5:00 of 1st overtime period - Round #1.
5:00 of 1st overtime period - Philadelphia Flyers, Tyler Bertuzzi.
5:00 of 1st overtime period - Snap shot by Tyler Bertuzzi.
5:00 of 1st overtime period - Stopped by Jake Oettinger.
5:00 of 1st overtime period - Washington Capitals, Brayden Point.
5:00 of 1st overtime period - Deke by Brayden Point.
5:00 of 1st overtime period - Goal by Brayden Point.
5:00 of 1st overtime period - Round #2.
5:00 of 1st overtime period - Philadelphia Flyers, Elias Lindholm.
5:00 of 1st overtime period - Wrist shot by Elias Lindholm.
5:00 of 1st overtime period - Stopped by Jake Oettinger.
5:00 of 1st overtime period - Washington Capitals, Alex Ovechkin.
5:00 of 1st overtime period - Snap shot by Alex Ovechkin.
5:00 of 1st overtime period - Shot Misses the Net.
5:00 of 1st overtime period - Round #3.
5:00 of 1st overtime period - Philadelphia Flyers, Matt Boldy.
5:00 of 1st overtime period - Snap shot by Matt Boldy.
5:00 of 1st overtime period - Stopped by Jake Oettinger.
Back to the Top